 Dungeon Crawl Stone Soup version 0.31-a0-691-g409c26aa35 (webtiles) character file.

Game seed: 412970283240402344

1535 randomguy2701 the Cleaver (level 8, -3/64 (70) HPs)
             Began as a Hill Orc Fighter on Sept 7, 2023.
             Was an Initiate of Beogh.
             Killed from afar by a steam dragon (11 damage)
             ... with a ball of steam
             ... on level 7 of the Dungeon.
             The game lasted 00:09:24 (6152 turns).

randomguy2701 the Cleaver (Hill Orc Fighter)        Turns: 6152, Time: 00:09:25

HP:   -3/64 (70)    AC:  7    Str: 19    XL:     8   Next: 86%
MP:   8/8           EV: 10    Int:  8    God:    Beogh [......]
Gold: 247           SH:  5    Dex: 12    Spells: 7/7 levels left

rFire   . . .        E - +4 hand axe
rCold   . . .        c - +0 buckler
rNeg    . . .        b - +0 scale mail
rPois   .            (no helmet)
rElec   .            (no cloak)
rCorr   .            (no gloves)
SInv    .            (no boots)
Will    .....        h - amulet of the acrobat Stlth
                     u - ring of wizardry
HPRegen 0.30/turn    (no ring)
MPRegen 0.11/turn

%: acrobat, wizardry (x1)
@: drained
A: no striking features
a: Renounce Religion


You were on level 7 of the Dungeon.
You worshipped Beogh.
Beogh was noncommittal.
You visited 1 branch of the dungeon, and saw 9 of its levels.

You collected 247 gold pieces.

Inventory:

Hand Weapons
 a - a +0 war axe
 E - a +4 hand axe (weapon)
 F - a +0 orcbow
Armour
 b - a +0 scale mail (worn)
 c - a +0 buckler (worn)
Jewellery
 h - an amulet of the acrobat (around neck)
 u - a ring of wizardry (left hand)
 v - an amulet of faith
Wands
 x - a wand of flame (39)
 z - a wand of polymorph (12)
Scrolls
 e - a scroll of silence {unknown}
 g - 2 scrolls of fear {unknown}
 i - a scroll of blinking {unknown}
 j - a scroll of enchant armour {unknown}
 l - a scroll of torment {unknown}
 n - a scroll of revelation {unknown}
 o - 2 scrolls of vulnerability {unknown}
 r - 2 scrolls of identify {unknown}
 s - a scroll of teleportation {unknown}
 t - 2 scrolls of fog {unknown}
 y - a scroll of poison {unknown}
 C - a scroll of amnesia {unknown}
Potions
 d - 2 potions of might
 f - a potion of mutation {unknown}
 k - a potion of invisibility {unknown}
 m - 2 potions of curing {unknown}
 p - 2 potions of heal wounds {unknown}
 q - a potion of lignification {unknown}
 w - a potion of resistance {unknown}
 A - a potion of degeneration {unknown}
 B - 2 potions of magic {unknown}
 D - a potion of ambrosia {unknown}


   Skills:
 + Level 6.0 Fighting
 + Level 9.1 Axes
 + Level 6.7 Armour
 + Level 2.3 Dodging
 + Level 0.6 Stealth
 + Level 5.3 Shields


You had 7 spell levels left.
You didn't know any spells.
Your spell library contained the following spells:

 Spells                   Type           Power      Damage    Failure   Level
 Shock                    Conj/Air       0%         1d3       47%         1
 Dazzling Flash           Conj/Hex       0%         N/A       83%         3
 Mephitic Cloud           Conj/Pois/Air  0%         N/A       83%         3
 Volatile Blastmotes      Fire/Tloc      0%         2d10      83%         3
 Fulminant Prism          Conj/Hex       0%         3d5       99%         4
 Iskenderun's Mystic Bla  Conj/Tloc      0%         2d3       99%         4
 Starburst                Conj/Fire      0%         6d3       100%        6
 Infestation              Necr           0%         N/A       100%        8
 Maxwell's Capacitive Co  Air            0%         ∞         100%        8


Dungeon Overview and Level Annotations

Branches:
Dungeon (9/15)
 Temple: D:4-7         Lair: D:8-11         Orc: D:9-12

Altars:
Cheibriados
Zin

Shops:
D:3 =

Annotations:
D:3 1 runed translucent door, Dynojp's ghost, amateur MeRe
D:5 Grinder


Message History

You hit the wight but do no damage. The wight hits you with a +2 war axe!
You feel drained. The wight closely misses you.
You hit the wight.
The wight is almost destroyed.
You hit the wight but do no damage. The wight hits you with a +2 war axe!
* * * LOW HITPOINT WARNING * * *
The wight hits you with a +0 halberd!
* * * LOW HITPOINT WARNING * * *
You slash the wight!
You destroy the wight!
Beogh accepts your kill.
You hit the wight. The wight closely misses you.
Your Fighting skill increases to level 6!
The wight attacks as it pursues you! The wight misses you.
The wight attacks as it pursues you! The wight misses you.
The wight attacks as it pursues you! You block the wight's attack.
There is a stone staircase leading up here.
You climb upwards.
You hear the roar of battle.
There is an entrance to a bailey on this level.
Hurry and find it before the portal closes forever!
The steam dragon hisses angrily.
There is a stone staircase leading down here.
Aiming: Polymorph
Press: ? - help, Q - select action, (/) - cycle Shift-Dir - straight line, f - steam dragon
Aim: a steam dragon (will become a rime drake, a sky beast, or a swamp drake, chance to affect: 49%)
Okay, then.
You hit the steam dragon.
The steam dragon is lightly wounded.
The steam dragon barely misses you. x2
You closely miss the steam dragon.
The steam dragon is lightly wounded.
You hit the steam dragon.
The steam dragon is lightly wounded.
The steam dragon barely misses you. The steam dragon claws you.
* * * LOW HITPOINT WARNING * * *
You barely miss the steam dragon.
The steam dragon is lightly wounded.
The steam dragon breathes steam at you. The ball of steam hits you!
You die...

...........#
...........+
..........#
.........#
#.......#
#.......#
#.......#
#..D@...#
#.......#
#.......+
.........#
....########
.... ... ..


You could see a steam dragon (catching breath).

Vanquished Creatures
  A hornet (D:9)
  Duvessa (D:5)
  An ice beast (D:8)
  A centaur (D:8)
  Blork the orc (D:5)
  A bullfrog (D:8)
  4 scorpions
  2 wights (D:8)
  Dowan (D:5)
  4 hounds
  A jelly (D:5)
  A gnoll bouda (D:4)
  4 iguanas
  Ijyb (D:5)
  11 gnolls
  5 adders
  2 worms
  10 orcs
  8 endoplasms
  A giant cockroach (D:4)
  9 hobgoblins
  2 jackals (D:1)
  3 kobolds
  4 quokkas
  6 ball pythons
  3 bats (D:3)
  2 frilled lizards (D:1)
  6 goblins
  10 rats
106 creatures vanquished.

Vanquished Creatures (others)
  An orc priest (D:5)
  2 orcs (D:5)
3 creatures vanquished.

Grand Total: 109 creatures vanquished

Notes
Turn   | Place    | Note
-------+----------+-------------------------------------------
     0 | D:1      | randomguy2701 the Hill Orc Fighter began the quest for the
                  | Orb.
     0 | D:1      | Reached XP level 1. HP: 19/19 MP: 1/1
   340 | D:1      | Reached XP level 2. HP: 27/27 MP: 2/2
   686 | D:1      | Reached skill level 3 in Axes
  1059 | D:1      | Reached XP level 3. HP: 33/33 MP: 3/3
  1762 | D:3      | Found a snail-covered altar of Cheibriados.
  1778 | D:3      | Found Retuur's Jewellery Shop.
  1810 | D:3      | Found a runed translucent door.
  1824 | D:3      | Reached XP level 4. HP: 40/40 MP: 4/4
  1841 | D:3      | Noticed Dynojp's ghost (amateur MeRe)
  1854 | D:3      | Reached skill level 4 in Axes
  2534 | D:3      | Reached XP level 5. HP: 31/46 MP: 5/5
  2593 | D:3      | Found a faded altar of an unknown god.
  2833 | D:4      | Reached skill level 5 in Axes
  2833 | D:4      | Reached skill level 1 in Dodging
  2963 | D:4      | Reached XP level 6. HP: 38/53 MP: 6/6
  3760 | D:5      | Entered Level 5 of the Dungeon
  3760 | D:5      | Noticed Blork the orc
  3952 | D:5      | Killed Blork the orc
  3953 | D:5      | Reached skill level 6 in Axes
  3953 | D:5      | Reached skill level 5 in Armour
  4046 | D:5      | Became a worshipper of Beogh the Brigand
  4074 | D:5      | Reached XP level 7. HP: 52/60 MP: 7/7
  4277 | D:5      | Noticed Ijyb
  4292 | D:5      | Killed Ijyb
  4368 | D:5      | Got Tuymohel's Handbook of Fuming Iniquitous Mysteries
  4456 | D:5      | Reached skill level 5 in Fighting
  4456 | D:5      | Reached skill level 7 in Axes
  4683 | D:5      | Noticed Duvessa
  4684 | D:5      | Noticed Dowan
  4713 | D:5      | Noticed Grinder
  4728 | D:5      | Paralysed by Grinder for 2 turns
  4858 | D:5      | Killed Duvessa
  4968 | D:5      | Reached XP level 8. HP: 45/68 MP: 8/8
  5077 | D:5      | Killed Dowan
  5524 | D:5      | Noticed an angel
  5525 | D:5      | Found a glowing silver altar of Zin.
  5751 | D:6      | You fall into a shaft and drop 3 floors!
  5767 | D:9      | Noticed a hornet
  5771 | D:9      | Killed a hornet
  5772 | D:9      | Reached skill level 8 in Axes
  5772 | D:9      | Reached skill level 5 in Shields
  6002 | D:8      | Reached skill level 9 in Axes
  6152 | D:7      | Killed from afar by a steam dragon

Illustrated notes

Levels and vault maps discovered:
D:1:      dpeg_arrival_arbitrary_b, layout_basic
D:2:      layout_loops_ring
D:3:      layout_basic, cheibriados_altar_1, serial_shops, shop,
          ebering_ghost_reflecting_pool, nicolae_ecumenical_pavilion,
          small_statue_intersection, roderic_serpentine_path
D:4:      layout_basic, minmay_checkerbox
D:5:      layout_basic, zin_angel, uniq_blork_the_orc, uniq_grinder, uniq_ijyb,
          uniq_duvessa
D:6:      layout_rooms, minmay_temple_entry_mini_moons,
          ebering_ghost_rock_garden
D:7:      layout_gridville, lemuel_tele_altar, enter_bailey_5, uniq_maggie
D:8:      layout_basic, nicolae_overflow_hidden_temple,
          hellmonk_guarded_unrand_night
D:9:      layout_grid_maze, kennysheep_little_box, lemuel_round_altar,
          david_orc_2

Skill      XL: |  1  2  3  4  5  6  7  8 |
---------------+-------------------------+-----
Fighting       | 4 5 6 |  6.0
Axes           | 3 4 5 6 7 9 |  9.1
Armour         | 4 5 6 |  6.7
Dodging        | 1 2 |  2.3
Shields        | 4 5 |  5.3
Stealth        | |  0.6

Action                     |  1- 3 |  4- 6 |  7- 9 || total
---------------------------+-------+-------+-------++-------
  Melee: War axe           |   100 |   161 |   158 ||   419
         Unarmed           |       |       |     1 ||     1
         Hand axe          |       |       |    12 ||    12
 Invoke: Convert to Beogh  |       |     1 |       ||     1
    Use: Potion            |       |       |     1 ||     1
 Armour: Scale mail        |    54 |   141 |   118 ||   313
         Skin              |       |       |    15 ||    15
  Dodge: Dodged            |    44 |    82 |   117 ||   243
  Block: Buckler           |    20 |    56 |    45 ||   121

Table legend: (Time is in decaauts)
 A = Elapsed time spent in this place.
 B = Non-inter-level travel time spent in this place.
 C = Inter-level travel time spent in this place.
 D = Time resting spent in this place.
 E = Time spent auto-exploring this place.
 F = Levels seen in this place.
 G = Mean time per level.
                   A        B        C        D        E       F      G
               +--------+--------+--------+--------+--------+-----+--------+
         Total |   6253 |   6060 |    193 |    303 |   4526 |   9 |  694.8 |
       Dungeon |   6253 |   6060 |    193 |    303 |   4526 |   9 |  694.8 |
               +--------+--------+--------+--------+--------+-----+--------+

Top non-repeatable levels by time:
     D:5: 1741 daAuts
     D:3: 1164 daAuts
     D:4: 1127 daAuts
     D:1: 1121 daAuts
     D:2: 673 daAuts
     D:8: 286 daAuts
     D:9: 111 daAuts
     D:6: 23 daAuts
     D:7: 3 daAuts
